 Dungeon Crawl Stone Soup version 0.23-b1-59-g586d0d887c (webtiles) character file.

Game seed: 2819752534110535548

14106 Morbidden the Reanimator (level 11, -20/80 HPs)
             Began as a Demonspawn Necromancer on Feb 4, 2019.
             Was a High Priest of Cheibriados.
             Demolished by a white ugly thing (22 damage)
             ... on level 12 of the Dungeon.
             The game lasted 00:35:17 (10655 turns).

Morbidden the Reanimator (Demonspawn Necromancer)  Turns: 10655, Time: 00:35:18

Health: -20/80     AC:  9    Str: 30    XL:     11   Next: 84%
Magic:  15/23      EV: 21    Int: 34    God:    Cheibriados [*****.]
Gold:   528        SH:  8    Dex: 27    Spells: 15/26 levels left

rFire    . . .     SeeInvis .   r - +5 double sword
rCold    . . .     Gourm    .   t - +1 buckler
rNeg     . . .     Faith    .   m - +2 troll leather armour {Snorg}
rPois    .         Spirit   .   (no helmet)
rElec    .         Reflect  .   (no cloak)
rCorr    +         Harm     .   o - +0 pair of gloves
MR       .....                  (no boots)
Stlth    ++++......             (no amulet)
HPRegen  0.63/turn              u - +4 ring of evasion
MPRegen  0.18/turn              l - ring of resist corrosion

@: mighty, very slow
A: talons 2, molten scales 1, demonic guardian 1, powered by pain 1, strong 1,
wild magic 1
a: Bend Time, Temporal Distortion, Slouch, Step From Time, Renounce Religion


You were on level 12 of the Dungeon.
You worshipped Cheibriados.
Cheibriados was extremely pleased with you.
You were not hungry.

You visited 2 branches of the dungeon, and saw 13 of its levels.

You collected 1144 gold pieces.
You spent 616 gold pieces at shops.

Inventory:

Hand Weapons
 r - a +5 double sword (weapon)
 F - a +6 trident
Missiles
 h - 3 javelins (quivered)
Armour
 m - a +2 troll leather armour (worn) {Snorg}
 o - a +0 pair of gloves (worn)
 p - a +2 robe of cold resistance
 t - a +1 buckler (worn)
 B - the +1 robe of Qamal {Slay+2}
   (You bought it in a shop on level 5 of the Dungeon)

   It affects your accuracy and damage with ranged weapons and melee attacks
   (+2).
Jewellery
 l - a ring of resist corrosion (right hand)
 u - a +4 ring of evasion (left hand)
Wands
 a - a wand of enslavement (22)
 e - a wand of disintegration (6)
 q - a wand of acid (7)
 D - a wand of digging (13)
Scrolls
 b - a scroll of noise
 d - a scroll of fear
 g - 6 scrolls of teleportation
 k - a scroll of remove curse
 s - 2 scrolls of enchant armour
 x - 3 scrolls of identify
 A - 2 scrolls of amnesia
Potions
 i - 4 potions of flight
 j - a potion of mutation
 n - a potion of curing
Comestibles
 c - 27 rations
 f - 7 chunks of flesh


   Skills:
 + Level 5.2 Fighting
 * Level 3.1 Long Blades
 - Level 7.7 Polearms
 + Level 5.0 Dodging
 + Level 5.3 Stealth
 - Level 4.0 Shields
 * Level 8.0 Spellcasting
 + Level 2.3 Charms
 * Level 10.0 Necromancy
 * Level 8.1 Invocations
 + Level 0.9 Evocations


You had 15 spell levels left.
You knew the following spells:

 Your Spells              Type           Power        Failure   Level  Hunger
a - Pain                  Necr           ####         1%          1    None
b - Vampiric Draining     Necr           #######...   1%          3    None
c - Animate Dead          Necr           N/A          1%          4    None
z - Regeneration          Chrm/Necr      ######....   1%          3    None

Your spell library contained the following spells:

 Spells                   Type           Power        Failure   Level  Hunger
 Animate Skeleton         Necr           N/A          1%          1    None


Dungeon Overview and Level Annotations

Branches:
Dungeon (12/15)            Temple (1/1) D:4            Lair (0/6) D:11
    Orc: D:9-12

Altars:
Ashenzari
Cheibriados
Dithmenos
Elyvilon
Fedhas
Gozag
Hepliaklqana
Kikubaaqudgha
Nemelex Xobeh
Okawaru
Ru
Sif Muna
Trog
Wu Jian
Xom
Yredelemnul
Zin
The Shining One

Shops:
D:5 [   D:11 [


Innate Abilities, Weirdness & Mutations

You have razor-sharp toenails.
You are partially covered in molten scales. (AC +2)
A weak demonic guardian rushes to your aid.
You sometimes gain a little power by taking damage.
Your muscles are strong. (Str +2)
Your spells are a little harder to cast, but a little more powerful.


Message History

Okay, then.
Okay, then.
Casting: Regeneration (safe; 1% risk of failure)
Confirm with . or Enter, or press ? or * to list all spells.
You call on the dead to rise...
Nothing appears to happen.
Your white imp hits the white ugly thing.
Your white imp freezes the white ugly thing.
The white ugly thing resists.
The white ugly thing punches your white imp!
Your white imp dies!
The white ugly thing gurgles horribly!
Unknown command.
Casting: Animate Dead (safe; 1% risk of failure)
Confirm with . or Enter, or press ? or * to list all spells.
You call on the dead to rise...
Nothing appears to happen.
You hear a shout!
The white ugly thing punches you!
* * * LOW HITPOINT WARNING * * *
The white ugly thing freezes you!!
You die...

####.).#..........#.. #
......8))).........##.#
# #####...#..........# #
#####..(.......# # #
#.#+##...#+#(# #..#
#.#.##...# #...
#.####'#.##...#.#.# #...
.......)......(.....#...
#.....@.#######....+...
#.....u.# ...#...
#.......# ..#...
#.......# .#...
#.......# #..$ #.......#
#.......# #.......#


You could see a white ugly thing.

Vanquished Creatures
  Gastronok (D:8)
  Snorg (D:10)
  Josephine (D:9)
  Urug (D:10)
  Sonja (D:10)
  An unseen horror (D:12)
  Pikel (D:5)
  An ugly thing (D:12)
  A manticore (D:11)
  Maurice (D:10)
  Prince Ribbit (D:8)
  2 hornets (D:10)
  3 hippogriffs
  A vampire (D:10)
  6 yaks (D:12)
  5 wraiths
  Duvessa (D:6)
  A slave (D:5)
  3 ice beasts
  A black bear (D:11)
  5 orc warriors
  A sky beast (D:6)
  A hornet zombie (D:8)
  2 phantoms
  2 ogres
  A necrophage (D:9)
  4 centaurs
  A crocodile (D:8)
  7 bullfrogs
  2 gnoll sergeants
  Dowan (D:6)
  2 wyvern skeletons
  2 scorpions
  4 howler monkeys
  8 wights
  2 centaur zombies
  5 crimson imps
  4 jellies
  A bullfrog zombie (D:9)
  5 hounds
  2 centaur skeletons (D:8)
  8 orc priests
  2 bullfrog skeletons
  An iguana (D:9)
  12 orc wizards
  9 worker ants
  3 hound skeletons
  2 worker ant zombies (D:5)
  11 gnolls
  A howler monkey skeleton (D:6)
  15 adders
  3 shadow imps
  An ooze (D:2)
  2 adder zombies
  2 adder skeletons
  2 worms
  A dart slug (D:2)
  6 leopard geckos
  59 orcs
  3 ball pythons
  8 giant cockroaches
  5 hobgoblins
  10 jackals
  8 kobolds
  4 quokkas
  2 bats (D:2)
  2 frilled lizards (D:4)
  A giant cockroach zombie (D:6)
  5 goblins
  A leopard gecko skeleton (D:4)
  A quokka skeleton (D:5)
  A quokka zombie (D:6)
  10 rats
297 creatures vanquished.

Vanquished Creatures (collateral kills)
  A slave (D:5)
  A phantom (D:5)
  2 orc warriors
  An eye of draining (D:9)
  3 ogres
  3 bullfrogs (D:6)
  2 orc priests
  3 orc wizards
  An adder skeleton (D:9)
  6 orcs
  A giant cockroach (D:6)
  A jackal (D:11)
  A rat (D:3)
26 creatures vanquished.

Vanquished Creatures (others)
  A wyvern (D:10)
  5 toadstools (D:1)
6 creatures vanquished.

Grand Total: 329 creatures vanquished

Notes
Turn   | Place    | Note
-------+----------+-------------------------------------------
     0 | D:1      | Morbidden the Demonspawn Necromancer began the quest for
                  | the Orb.
     0 | D:1      | Reached XP level 1. HP: 13/13 MP: 3/3
   793 | D:1      | Gained mutation: You are partially covered in molten
                  | scales. (AC +2) [demonic ancestry]
   793 | D:1      | Reached XP level 2. HP: 17/19 MP: 0/5
  1037 | D:2      | Noticed a howler monkey
  1070 | D:2      | Killed a howler monkey
  1070 | D:2      | Reached skill level 5 in Necromancy
  1070 | D:2      | Gained mutation: A weak demonic guardian rushes to your
                  | aid. [demonic ancestry]
  1070 | D:2      | Reached XP level 3. HP: 12/24 MP: 0/7
  1159 | D:2      | Gained mutation: You have sharp toenails. [demonic
                  | ancestry]
  1159 | D:2      | Reached XP level 4. HP: 19/30 MP: 5/8
  1613 | D:2      | Found a hazy altar of Hepliaklqana.
  1685 | D:2      | Learned a level 3 spell: Vampiric Draining
  1689 | D:2      | Learned a level 3 spell: Regeneration
  1940 | D:3      | Gained mutation: You have razor-sharp toenails. [demonic
                  | ancestry]
  1940 | D:3      | Reached XP level 5. HP: 32/35 MP: 10/10
  2274 | D:3      | Reached skill level 1 in Fighting
  2350 | D:3      | Noticed an orc warrior
  2361 | D:3      | Killed an orc warrior
  2475 | D:3      | Learned a level 4 spell: Animate Dead
  2560 | D:3      | Reached skill level 6 in Necromancy
  2608 | D:3      | Reached XP level 6. HP: 32/43 MP: 10/12
  2817 | D:4      | Found a staircase to the Ecumenical Temple.
  2860 | Temple   | Entered the Ecumenical Temple
  3014 | Temple   | Became a worshipper of Cheibriados the Contemplative
  3055 | D:4      | Reached skill level 1 in Polearms
  3229 | D:4      | Gained mutation: Your muscles are strong. (Str +2) [potion
                  | of mutation]
  3229 | D:4      | Gained mutation: Your spells are a little harder to cast,
                  | but a little more powerful. [potion of mutation]
  3701 | D:4      | Reached XP level 7. HP: 41/50 MP: 14/14
  4045 | D:5      | Entered Level 5 of the Dungeon
  4059 | D:5      | Reached * piety under Cheibriados
  4367 | D:5      | Found Anakhuas's Armour Shoppe.
  4376 | D:5      | Bought the +1 robe of Qamal {Slay+2} for 274 gold pieces
  4403 | D:5      | Noticed Pikel
  4434 | D:5      | Killed Pikel
  4434 | D:5      | Reached XP level 8. HP: 35/57 MP: 15/15
  4457 | D:5      | Reached skill level 5 in Spellcasting
  5234 | D:6      | Reached skill level 7 in Necromancy
  5295 | D:6      | Reached ** piety under Cheibriados
  5358 | D:6      | Reached skill level 1 in Invocations
  5509 | D:6      | Noticed Dowan
  5512 | D:6      | Reached skill level 1 in Shields
  5512 | D:6      | Noticed Duvessa
  5522 | D:6      | Killed Duvessa
  5522 | D:6      | Reached skill level 5 in Polearms
  5522 | D:6      | Reached XP level 9. HP: 55/63 MP: 12/17
  5527 | D:6      | Killed Dowan
  5969 | D:7      | Reached skill level 1 in Charms
  5998 | D:7      | Reached *** piety under Cheibriados
  6464 | D:7      | Found a white marble altar of Elyvilon.
  6465 | D:7      | Found a glowing silver altar of Zin.
  6465 | D:7      | Found a glowing golden altar of the Shining One.
  6554 | D:8      | Noticed Gastronok
  6857 | D:8      | Reached skill level 8 in Necromancy
  7002 | D:8      | Killed Gastronok
  7002 | D:8      | Reached XP level 10. HP: 38/71 MP: 12/19
  7152 | D:8      | Noticed Prince Ribbit
  7165 | D:8      | Killed Prince Ribbit
  7305 | D:8      | Reached **** piety under Cheibriados
  7938 | D:9      | Found an iron altar of Okawaru.
  7938 | D:9      | Found a deep blue altar of Sif Muna.
  7939 | D:9      | Found a bloodstained altar of Trog.
  7952 | D:9      | Found an ornate altar of the Wu Jian Council.
  7988 | D:9      | Reached skill level 5 in Invocations
  8204 | D:9      | Reached ***** piety under Cheibriados
  8593 | D:10     | Entered Level 10 of the Dungeon
  8593 | D:10     | Noticed Josephine
  8605 | D:9      | Killed Josephine
  8607 | D:9      | Reached skill level 9 in Necromancy
  8609 | D:9      | Reached skill level 5 in Stealth
  8797 | D:10     | Gained mutation: You sometimes gain a little power by
                  | taking damage. [demonic ancestry]
  8797 | D:10     | Reached XP level 11. HP: 62/78 MP: 21/21
  8843 | D:10     | Noticed Sonja
  8855 | D:10     | Killed Sonja
  8878 | D:10     | Noticed Maurice
  8894 | D:10     | Killed Maurice
  8927 | D:10     | Noticed Urug
  8938 | D:10     | Killed Urug
  9084 | D:10     | Noticed Snorg
  9111 | D:10     | Killed Snorg
  9450 | D:10     | Reached skill level 5 in Fighting
  9991 | D:11     | Found Nutu's Antique Armour Boutique.
 10014 | D:11     | Bought a dull robe for 153 gold pieces
 10014 | D:11     | Identified the +1 robe of Trial and Error {Dex+4} (You
                  | bought it in a shop on level 11 of the Dungeon)
 10016 | D:11     | Bought an ancient leather armour for 189 gold pieces
 10016 | D:11     | Identified the cursed +0 leather armour "Cuim Yho" {MP+9
                  | Str+4} (You bought it in a shop on level 11 of the Dungeon)
 10100 | D:11     | Reached skill level 1 in Long Blades
 10144 | D:11     | Found a staircase to the Lair.
 10413 | D:12     | Killed an unseen horror
 10446 | D:12     | Noticed a red ugly thing
 10456 | D:12     | Killed a red ugly thing
 10530 | D:12     | Reached skill level 10 in Necromancy
 10604 | D:12     | Reached skill level 5 in Dodging
 10648 | D:12     | Noticed a white ugly thing
 10655 | D:12     | HP: 2/80 [white ugly thing (11)]
 10655 | D:12     | Demolished by a white ugly thing

Skill      XL: |  1  2  3  4  5  6  7  8  9 10 11 |
---------------+----------------------------------+-----
Stealth        | 2 3 4 5 |  5.3
Necromancy     | 5 6 7 8 9 10 | 10.0
Spellcasting   | 3 4 5 6 7 8 |  8.0
Fighting       | 1 2 3 4 5 |  5.2
Polearms       | 1 4 5 6 7 |  7.7
Dodging        | 2 3 4 5 |  5.0
Invocations    | 1 4 6 8 |  8.1
Shields        | 1 2 3 4 |  4.0
Charms         | 1 2 |  2.3
Long Blades    | 3 |  3.1
Evocations     | |  0.9

Action                   |  1- 3 |  4- 6 |  7- 9 | 10-12 || total
-------------------------+-------+-------+-------+-------++-------
Melee: Spear             |     3 |    98 |   260 |       ||   361
       Kick              |       |    10 |    74 |   183 ||   267
       Trident           |       |       |    43 |   281 ||   324
       Double sword      |       |       |       |    96 ||    96
 Cast: Pain              |    33 |    62 |     9 |       ||   104
       Regeneration      |       |     4 |     9 |    15 ||    28
       Vampiric Draining |       |       |     6 |    17 ||    23
       Animate Dead      |       |       |       |     2 ||     2
Invok: Bend Time         |       |       |     1 |       ||     1
       Slouch            |       |       |       |     2 ||     2
Evoke: Wand              |       |     1 |     4 |     4 ||     9
  Use: Scroll            |       |     2 |    16 |     6 ||    24
       Potion            |       |     5 |     1 |     6 ||    12
 Stab: Sleeping          |       |     5 |    12 |    13 ||    30
       Fleeing           |       |     1 |       |       ||     1
       Distracted        |       |       |     3 |     1 ||     4
       Invisible         |       |       |       |     1 ||     1
  Eat: Chunk             |     1 |     8 |     8 |     7 ||    24
Armor: Robe              |       |    18 |    30 |    29 ||    77
       Troll leather arm |       |       |       |     6 ||     6
Dodge: Dodged            |     7 |    41 |   162 |   303 ||   513
Block: Buckler           |       |       |    34 |   126 ||   160
       Rpst.: Double sword |       |       |       |    22 ||    22
